 Dungeon Sprint DCSS version 0.23.2-30-g0e89c35649 (webtiles) character file.

Game seed: 16495228114608789592

2811 HASTUR3 the Transmogrifier (level 9, -4/62 HPs)
             Began as an Octopode Transmuter on June 19, 2019.
             Was an Elder of Sif Muna.
             Slain by an unseen horror (12 damage)
             ... in the Dungeon (Sprint III: "The Ten Rune Challenge").
             The game lasted 00:07:41 (1313 turns).

HASTUR3 the Transmogrifier (Octopode Transmuter)    Turns: 1313, Time: 00:07:41

Health: -4/62      AC:  1    Str: 12    XL:     9   Next: 72%
Magic:  17/17      EV: 14    Int: 16    God:    Sif Muna [****..]
Gold:   53         SH:  0    Dex: 12    Spells: 7/19 levels left

rFire    . . .     SeeInvis .     - Unarmed
rCold    . . .     Gourm    .   (no shield)
rNeg     . . .     Faith    .   (helmet restricted)
rPois    .         Spirit   .   (no amulet)
rElec    .         Reflect  .   (no ring)
rCorr    .         Harm     .   (no ring)
MR       .....     NoTele   +   (no ring)
Stlth    +++++.....             (no ring)
HPRegen  0.20/turn              (no ring)
MPRegen  0.15/turn              (no ring)
                                (no ring)
                                (no ring)

@: no status effects
A: almost no armour, stealthy swim, amphibious, 8 rings, constrict 8, tentacle
spike 1, camouflage 1, sense surroundings 1, robust 1, gelatinous body 1
a: Divine Energy, Channel Magic, Forget Spell, Renounce Religion


You were in the Dungeon.
You worshipped Sif Muna.
Sif Muna was greatly pleased with you.
You were not hungry.

You visited 1 branch You collected 53 gold pieces.

Inventory:

Missiles
 a - 66 arrows
Scrolls
 i - a scroll of blinking
 j - 3 scrolls of identify
 k - a scroll of torment {unknown}
 l - a scroll of enchant armour {unknown}
 m - 3 scrolls of remove curse
 n - a scroll of immolation {unknown}
Potions
 d - 2 potions of curing
 f - a potion of berserk rage
 g - 2 potions of magic
 h - 3 potions of mutation
 o - 2 potions of flight
Comestibles
 b - 13 chunks of flesh
 c - 4 rations


   Skills:
 - Level 3.5 Fighting
 + Level 4.0 Dodging
 - Level 8.0 Stealth
 - Level 11.4 Unarmed Combat
 - Level 5.5 Spellcasting
 - Level 14.7 Transmutations
 - Level 4.1 Ice Magic
 - Level 5.0 Poison Magic


You had 7 spell levels left.
You knew the following spells:

 Your Spells              Type           Power        Failure   Level  Hunger
b - Blade Hands           Tmut           ######....   1%          5    ######.
c - Spider Form           Tmut/Pois      #####.....   1%          3    ###....
d - Ice Form              Ice/Tmut       ####....     3%          4    ####...

Your spell library contained the following spells:

 Spells                   Type           Power        Failure   Level  Hunger
 Beastly Appendage        Tmut           ######       1%          1    None
 Sticks to Snakes         Tmut           ######..     1%          2    #......
 Petrify                  Tmut/Erth      ####....     7%          4    ####...
 Confusing Touch          Hex            #.....       14%         1    None
 Magic Dart               Conj           #...         14%         1    None
 Yara's Violent Unravell  Hex/Tmut       ####......   19%         5    ######.
 Blink                    Tloc           N/A          22%         2    #......
 Call Imp                 Summ           #.......     22%         2    #......
 Slow                     Hex            #.......     22%         2    #......
 Mephitic Cloud           Conj/Pois/Air  #.......     22%         3    ###....
 Confuse                  Hex            #.......     41%         3    ###....
 Conjure Flame            Conj/Fire      #.......     41%         3    ###....
 Gell's Gravitas          Tloc           #.........   41%         3    ###....
 Metabolic Englaciation   Hex/Ice        ##........   86%         5    ######.


Dungeon Overview and Level Annotations

Branches:
Dungeon (1/1)

Altars:
Cheibriados
Dithmenos
Elyvilon
Fedhas
Gozag
Hepliaklqana
Kikubaaqudgha
Makhleb
Nemelex Xobeh
Okawaru
Qazlal
Ru
Sif Muna
Trog
Uskayaw
Vehumet
Wu Jian
Xom
Yredelemnul
Zin
The Shining One
Beogh
Jiyva
Lugonu


Innate Abilities, Weirdness & Mutations

You cannot wear most types of armour.
You are very stealthy in the water. (Stealth+)
You are amphibious.
You can wear up to eight rings at the same time.
You can use your tentacles to constrict eight enemies at once.
Your skin changes colour to match your surroundings (Stealth+).
Your rubbery body absorbs attacks. (AC +1, EV +1)
One of your tentacles bears a spike.
You passively map a small area around you.
You are robust. (+10% HP)


Message History

Something hits you! x2
Something hits you. Something hits you! Something hits you.
You bludgeon something!
You pierce something.
You tentacle-slap something. Something hits you!
* * * LOW HITPOINT WARNING * * *
Something hits you.
* * * LOW HITPOINT WARNING * * *
You miss something. Something hits you.
* * * LOW HITPOINT WARNING * * *
You feel much better. Something hits you! Something hits you.
Something hits you!
* * * LOW HITPOINT WARNING * * *
You feel much better. Something hits you. x2
Something hits you!
* * * LOW HITPOINT WARNING * * *
Something hits you!
* * * LOW HITPOINT WARNING * * *
Something hits you!
You die...

# ∩ * ,+ # , , *≈≈ * # ,
, ,,* , , #,,, ,, , ≈ #
* , , +, , # * **
#+#####################
#.§§§§§.#)')..'.#.#.#.+
≈
#.#§§§#.#.#)..##@#.#.##
'.#§§§#.#.#...#.#.#.#.#,
≈
#.#§§§#...#...##.#.#.##
▓▓▓▓▓▓▓▓▓▓▓▓▓▓#.#.#.#.#
, ##.#.#.## ≈≈≈ ≈**
+.#.#.#.#, , , * * *
##.#.#.##* *** **#+####
* * * * , ≈


There were no monsters in sight!

Vanquished Creatures
  Josephine (D)
  A centaur warrior (D)
  A deep elf mage (D)
  A shadow (D)
  A spatial vortex (D)
  A necrophage (D)
  2 centaurs (D)
  An earth elemental (D)
  A water elemental (D)
  A jelly (D)
  A wizard (D)
  A necromancer (D)
  3 humans (D)
  A kobold demonologist (D)
  An ooze (D)
  A phantom (D)
  3 rats (D)
22 creatures vanquished.

Vanquished Creatures (others)
  2 draconian scorchers (D)
  6 hellions (D)
  A yaktaur (D)
  A plant (D)
10 creatures vanquished.

Grand Total: 32 creatures vanquished

Notes
Turn   | Place    | Note
-------+----------+-------------------------------------------
     0 | D        | HASTUR3 the Octopode Transmuter began the quest for the
                  | Orb.
     0 | D        | Reached XP level 1. HP: 13/13 MP: 3/3
    53 | D        | Reached XP level 2. HP: 18/18 MP: 5/5
    68 | D        | Reached XP level 3. HP: 23/23 MP: 6/6
   112 | D        | Killed a hellion
   113 | D        | Killed a hellion
   118 | D        | Gained mutation: Your spells are a little easier to cast,
                  | but a little less powerful. [potion of mutation]
   118 | D        | Gained mutation: One of your tentacles bears a spike.
                  | [potion of mutation]
   118 | D        | Gained mutation: You have supernaturally acute eyesight.
                  | (SInv) [potion of mutation]
   122 | D        | Killed a hellion
   178 | D        | Killed a hellion
   182 | D        | Killed a white draconian scorcher
   182 | D        | Killed a hellion
   184 | D        | Killed a hellion
   204 | D        | Killed a white draconian scorcher
   216 | D        | Lost mutation: You have supernaturally acute eyesight.
                  | (SInv) [potion of mutation]
   216 | D        | Lost mutation: One of your tentacles bears a spike. [potion
                  | of mutation]
   216 | D        | Lost mutation: Your spells are a little easier to cast, but
                  | a little less powerful. [potion of mutation]
   216 | D        | Gained mutation: You passively map a small area around you.
                  | [potion of mutation]
   216 | D        | Gained mutation: One of your tentacles bears a spike.
                  | [potion of mutation]
   216 | D        | Gained mutation: You are robust. (+10% HP) [potion of
                  | mutation]
   224 | D        | Killed a yaktaur
   244 | D        | Noticed a water elemental
   259 | D        | Killed a water elemental
   259 | D        | Reached XP level 4. HP: 19/30 MP: 7/7
   267 | D        | Found a glowing silver altar of Zin.
   268 | D        | Found a glowing golden altar of the Shining One.
   268 | D        | Found a white marble altar of Elyvilon.
   268 | D        | Noticed a deep elf mage
   272 | D        | Killed a deep elf mage
   272 | D        | Reached skill level 12 in Transmutations
   272 | D        | Reached XP level 5. HP: 24/36 MP: 8/8
   272 | D        | Reached XP level 6. HP: 27/41 MP: 9/9
   272 | D        | Reached XP level 7. HP: 31/47 MP: 10/10
   279 | D        | Learned a level 5 spell: Blade Hands
   291 | D        | Found a radiant altar of Vehumet.
   292 | D        | Found a deep blue altar of Sif Muna.
   292 | D        | Found an ancient bone altar of Kikubaaqudgha.
   293 | D        | Noticed a ynoxinul
   295 | D        | Noticed a chaos spawn
   339 | D        | Became a worshipper of Sif Muna the Loreminder
   427 | D        | Found a hide-covered altar of Uskayaw.
   427 | D        | Found a roughly hewn altar of Beogh.
   427 | D        | Found an iron altar of Okawaru.
   427 | D        | Found a bloodstained altar of Trog.
   427 | D        | Found an ornate altar of the Wu Jian Council.
   427 | D        | Noticed a human
   428 | D        | Noticed a human
   430 | D        | Killed a human
   433 | D        | Killed a human
   469 | D        | Found a basalt altar of Yredelemnul.
   469 | D        | Found a shadowy altar of Dithmenos.
   469 | D        | Found a sacrificial altar of Ru.
   472 | D        | Reached * piety under Sif Muna
   472 | D        | Reached skill level 13 in Transmutations
   472 | D        | Reached XP level 8. HP: 54/57 MP: 5/11
   501 | D        | Noticed a shadow
   508 | D        | Killed a shadow
   779 | D        | Found a blossoming altar of Fedhas.
   779 | D        | Found a stormy altar of Qazlal.
   779 | D        | Found a snail-covered altar of Cheibriados.
   779 | D        | Found a burning altar of Makhleb.
   779 | D        | Found a shimmering altar of Xom.
   781 | D        | Found a hazy altar of Hepliaklqana.
   781 | D        | Found an opulent altar of Gozag.
   781 | D        | Found a sparkling altar of Nemelex Xobeh.
   781 | D        | Found a corrupted altar of Lugonu.
   781 | D        | Found a viscous altar of Jiyva.
   784 | D        | Reached ** piety under Sif Muna
   792 | D        | Noticed Josephine
   800 | D        | Killed Josephine
   800 | D        | Reached *** piety under Sif Muna
   800 | D        | Reached skill level 5 in Spellcasting
   800 | D        | Reached skill level 14 in Transmutations
   800 | D        | Reached XP level 9. HP: 62/62 MP: 9/17
   816 | D        | Learned a level 3 spell: Spider Form
   821 | D        | Learned a level 4 spell: Ice Form
   870 | D        | Reached skill level 10 in Unarmed Combat
   870 | D        | Reached skill level 1 in Poison Magic
  1094 | D        | Noticed a centaur warrior
  1101 | D        | Killed a centaur warrior
  1101 | D        | Reached **** piety under Sif Muna
  1106 | D        | Reached skill level 5 in Poison Magic
  1313 | D        | Slain by an unseen horror

Skill      XL: |  1  2  3  4  5  6  7  8  9 |
---------------+----------------------------+-----
Unarmed Combat | 4 6 9 11 | 11.4
Transmutations | 12 13 14 | 14.7
Fighting       | 3 |  3.5
Dodging        | 4 |  4.0
Stealth        | 2 8 |  8.0
Spellcasting   | 5 |  5.5
Poison Magic   | 5 |  5.0
Ice Magic      | 4 |  4.1

Action                   |  1- 3 |  4- 6 |  7- 9 || total
-------------------------+-------+-------+-------++-------
Melee: Unarmed           |    24 |     3 |    38 ||    65
       Tentacles         |     6 |     2 |     2 ||    10
       Constrict         |     2 |     1 |     4 ||     7
       Kick              |     1 |     1 |    13 ||    15
       Punch             |     1 |     1 |     3 ||     5
 Cast: Blade Hands       |       |       |     7 ||     7
Invok: Forget Spell      |       |       |     1 ||     1
  Use: Potion            |     4 |       |     2 ||     6
 Stab: Sleeping          |     1 |     1 |     2 ||     4
  Eat: Chunk             |       |       |     4 ||     4
Armor: Skin              |       |       |     3 ||     3
Dodge: Dodged            |    13 |     1 |     9 ||    23
